| TOP OF THE 1ST |
|
Joplin Blasters batting - Pitching for Portland Angels : RHP Victor Padilla
|
|
Pitching: RHP Victor Padilla
|
|
|
Batting: RHB Mike Bearden
|
0-0: Ball 1-0: Swinging Strike 1-1: Ball 2-1: Ball 3-1: Base on Balls
|
|
Batting: SHB Bill Ertl
|
0-0: DOUBLE (Line Drive, 78XD, EV 112.5 MPH) Mike Bearden to third
|
|
Batting: LHB Pablo Serrato
|
0-0: Foul Ball, location: 2F 0-1: Ball 1-1: SINGLE (Groundball, 6D, EV 98.8 MPH) Mike Bearden scores Bill Ertl to third Runner from 3rd tries for Home, SAFE, throw by LF to home
|
|
Batting: RHB Junro Kato
|
0-0: Ball 1-0: Fielders Choice at 2nd, 6-4 (Groundball, 56, EV 102.5 MPH)
|
|
Batting: RHB Ian Hornsby
|
0-0: Foul Ball, location: 2F 0-1: Called Strike 0-2: Ball 1-2: Grounds into double play, 6-4-3 (Groundball, 6, EV 103.1 MPH)
|
| Top of the 1st over - 2 runs, 2 hits, 0 errors, 0 left on base; Joplin 2 - Portland 0 |
| BOTTOM OF THE 1ST |
|
Portland Angels batting - Pitching for Joplin Blasters : RHP Victor Maravilla
|
|
Pitching: RHP Victor Maravilla
|
|
|
Batting: RHB Brendan Garoutte
|
0-0: Called Strike 0-1: Ball 1-1: Swinging Strike 1-2: Strikes out swinging
|
|
Batting: RHB Jayden Bain
|
0-0: Ball 1-0: Ball 2-0: Ball 3-0: Called Strike 3-1: Foul Ball, location: 2F 3-2: Strikes out swinging
|
|
Batting: RHB Dan Myers
|
0-0: Called Strike 0-1: Ball 1-1: SINGLE (Groundball, 6M, EV 102.5 MPH) (infield hit)
|
|
Batting: LHB Ramon Garduno
|
0-0: Ball 1-0: Foul Ball, location: 2F 1-1: Ball 2-1: 2-RUN HOME RUN (Flyball, 9D, EV 99.4 MPH), Distance : 368 ft
|
|
Batting: SHB Danny Gelinas
|
0-0: Swinging Strike 0-1: Foul Ball, location: 2F 0-2: Ball 1-2: SINGLE (Line Drive, 89M, EV 92.5 MPH)
|
|
Batting: SHB Yuya Hirata
|
0-0: Swinging Strike 0-1: Ground out U3 (Groundball, 3, EV 89.4 MPH)
|
| Bottom of the 1st over - 2 runs, 3 hits, 0 errors, 1 left on base; Joplin 2 - Portland 2 |
| TOP OF THE 2ND |
|
Joplin Blasters batting - Pitching for Portland Angels : RHP Victor Padilla
|
|
Batting: RHB Jason Conner
|
0-0: Called Strike 0-1: Ball 1-1: Foul Ball, location: 2F 1-2: Foul Ball, location: 2F 1-2: Foul Ball, location: 2F 1-2: Ball 2-2: Fly out, F6 (Line Drive, 6MD, EV 65.6 MPH)
|
|
Batting: RHB Ben Mills
|
0-0: Called Strike 0-1: Called Strike 0-2: Ball 1-2: Ball 2-2: Strikes out swinging
|
|
Batting: RHB Bobby Leon
|
0-0: Swinging Strike 0-1: Foul Ball, location: 2F 0-2: SINGLE (Line Drive, 4M, EV 94.4 MPH)
|
|
Batting: RHB Carlos Castillo
|
0-0: Ball Bobby Leon is caught stealing 2nd base 2-4
|
| Top of the 2nd over - 0 runs, 1 hit, 0 errors, 0 left on base; Joplin 2 - Portland 2 |
| BOTTOM OF THE 2ND |
|
Portland Angels batting - Pitching for Joplin Blasters : RHP Victor Maravilla
|
|
Batting: RHB Alex Rosaly
|
0-0: Ball 1-0: Foul Ball, location: 2F 1-1: Ball 2-1: SOLO HOME RUN (Flyball, 7D, EV 97.5 MPH), Distance : 367 ft
|
|
Batting: RHB Carlos Gonzales
|
0-0: Swinging Strike 0-1: Ball 1-1: Ball 2-1: Called Strike 2-2: Strikes out swinging
|
|
Batting: RHB Mario Martinez
|
0-0: Called Strike 0-1: Foul Ball, location: 2F 0-2: Ball 1-2: Ball 2-2: Ball 3-2: Base on Balls
|
|
Batting: RHB Brendan Garoutte
|
0-0: Called Strike Mario Martinez steals 2nd base 0-1: Ball 1-1: DOUBLE (Line Drive, 7LS, EV 108.8 MPH) Mario Martinez scores
|
|
Batting: RHB Jayden Bain
|
0-0: Ball 1-0: Called Strike 1-1: SINGLE (Groundball, 34D, EV 98.8 MPH) Brendan Garoutte to third Runner from 3rd tries for Home, SAFE, throw by RF to home
|
|
Batting: RHB Dan Myers
|
0-0: Ball 1-0: Fly out, F6 (Popup, 6MD, EV 68.8 MPH)
|
|
Batting: LHB Ramon Garduno
|
0-0: Fly out, F9 (Line Drive, 9, EV 104.4 MPH)
|
| Bottom of the 2nd over - 3 runs, 3 hits, 0 errors, 1 left on base; Joplin 2 - Portland 5 |
| TOP OF THE 3RD |
|
Joplin Blasters batting - Pitching for Portland Angels : RHP Victor Padilla
|
|
Batting: RHB Carlos Castillo
|
0-0: Fly out, F6 (Line Drive, 6, EV 64.4 MPH)
|
|
Batting: RHB Mike Bearden
|
0-0: Ball 1-0: Ball 2-0: Called Strike 2-1: Ball 3-1: Foul Ball, location: 2F 3-2: SINGLE (Flyball, 34D, EV 95.0 MPH)
|
|
Batting: SHB Bill Ertl
|
0-0: Ball 1-0: Ball 2-0: Called Strike 2-1: Ball 3-1: Called Strike 3-2: Foul Ball, location: 2F 3-2: Ground out U3 (Groundball, 3L, EV 87.5 MPH) Mike Bearden to second
|
|
Batting: LHB Pablo Serrato
|
0-0: Ball 1-0: Ground out 4-3 (Groundball, 34D, EV 83.1 MPH)
|
| Top of the 3rd over - 0 runs, 1 hit, 0 errors, 1 left on base; Joplin 2 - Portland 5 |
| BOTTOM OF THE 3RD |
|
Portland Angels batting - Pitching for Joplin Blasters : RHP Victor Maravilla
|
|
Batting: SHB Danny Gelinas
|
0-0: Ball 1-0: Ball 2-0: Ball 3-0: Base on Balls
|
|
Batting: SHB Yuya Hirata
|
0-0: Called Strike 0-1: Swinging Strike 0-2: Ball 1-2: Strikes out swinging
|
|
Batting: RHB Alex Rosaly
|
0-0: SINGLE (Groundball, 5, EV 97.5 MPH) Danny Gelinas to second
|
|
Batting: RHB Carlos Gonzales
|
0-0: Ball 1-0: Swinging Strike 1-1: Fielders Choice at 2nd, 4-6 (Groundball, 4S, EV 85.6 MPH) Danny Gelinas to third
|
|
Batting: RHB Mario Martinez
|
0-0: Called Strike 0-1: Swinging Strike 0-2: Strikes out swinging
|
| Bottom of the 3rd over - 0 runs, 1 hit, 0 errors, 2 left on base; Joplin 2 - Portland 5 |
| TOP OF THE 4TH |
|
Joplin Blasters batting - Pitching for Portland Angels : RHP Victor Padilla
|
|
Batting: RHB Junro Kato
|
0-0: Ball 1-0: Called Strike 1-1: Ball 2-1: Ball 3-1: Called Strike 3-2: Base on Balls
|
|
Batting: RHB Ian Hornsby
|
0-0: 2-RUN HOME RUN (Flyball, 7D, EV 95.6 MPH), Distance : 352 ft
|
|
Batting: RHB Jason Conner
|
0-0: Foul Ball, location: 2F 0-1: Ground out 5-3 (Groundball, 56S, EV 80.0 MPH)
|
|
Batting: RHB Ben Mills
|
0-0: Ground out 5-3 (Groundball, 56S, EV 61.9 MPH)
|
|
Batting: RHB Bobby Leon
|
0-0: Ball 1-0: Ball 2-0: Called Strike 2-1: Called Strike 2-2: SINGLE (Groundball, 6MS, EV 66.2 MPH) (infield hit)
|
|
Batting: RHB Carlos Castillo
|
0-0: Ball 1-0: Called Strike 1-1: Fly out, F8 (Flyball, 8RD, EV 80.0 MPH)
|
| Top of the 4th over - 2 runs, 2 hits, 0 errors, 1 left on base; Joplin 4 - Portland 5 |
| BOTTOM OF THE 4TH |
|
Portland Angels batting - Pitching for Joplin Blasters : RHP Victor Maravilla
|
|
Batting: RHB Brendan Garoutte
|
0-0: Ball 1-0: SINGLE (Line Drive, 3D, EV 106.2 MPH)
|
|
Batting: RHB Jayden Bain
|
0-0: Ball 1-0: Fly out, F6 (Popup, 6MS, EV 66.2 MPH)
|
|
Batting: RHB Dan Myers
|
0-0: Called Strike Brendan Garoutte steals 2nd base 0-1: Ball 1-1: Ball 2-1: Foul Ball, location: 2F 2-2: Strikes out swinging
|
|
Batting: LHB Ramon Garduno
|
0-0: Swinging Strike 0-1: Ball 1-1: Ball 2-1: Foul Ball, location: 2F 2-2: Foul Ball, location: 2F 2-2: Foul Ball, location: 2F 2-2: Foul Ball, location: 2F 2-2: Ball 3-2: Strikes out looking
|
| Bottom of the 4th over - 0 runs, 1 hit, 0 errors, 1 left on base; Joplin 4 - Portland 5 |
| TOP OF THE 5TH |
|
Joplin Blasters batting - Pitching for Portland Angels : RHP Victor Padilla
|
|
Batting: RHB Mike Bearden
|
0-0: Ball 1-0: Reached on error, E4 (Groundball, 4M, EV 86.9 MPH)
|
|
Batting: SHB Bill Ertl
|
0-0: DOUBLE (Line Drive, 78D, EV 107.5 MPH) Mike Bearden to third
|
|
Batting: LHB Pablo Serrato
|
0-0: Ball 1-0: Ball 2-0: Ball 3-0: Called Strike 3-1: Base on Balls
|
|
Batting: RHB Junro Kato
|
0-0: Called Strike 0-1: Fly out, F8 (Flyball, 8LD, EV 107.5 MPH) Runner from 3rd tags up, SCORES, throw by CF Bill Ertl to third
|
|
Batting: RHB Ian Hornsby
|
0-0: Foul Ball, location: 2F 0-1: Ball 1-1: Swinging Strike 1-2: Fly out, F8 (Flyball, 8LM, EV 83.8 MPH)
|
|
Batting: RHB Jason Conner
|
0-0: Fly out, F7 (Flyball, 7LD, EV 98.1 MPH)
|
| Top of the 5th over - 1 run, 1 hit, 1 error, 2 left on base; Joplin 5 - Portland 5 |
| BOTTOM OF THE 5TH |
|
Portland Angels batting - Pitching for Joplin Blasters : RHP Victor Maravilla
|
|
Batting: SHB Danny Gelinas
|
0-0: Ball 1-0: Ball 2-0: Ball 3-0: Called Strike 3-1: Base on Balls
|
|
Batting: SHB Yuya Hirata
|
0-0: Called Strike 0-1: Foul Ball, location: 2F 0-2: Ball 1-2: Ball 2-2: Foul Ball, location: 2F 2-2: Ball 3-2: Foul Ball, location: 2F 3-2: Base on Balls Danny Gelinas to second
|
|
Batting: RHB Alex Rosaly
|
0-0: Hit by Pitch Danny Gelinas to third Yuya Hirata to second
|
|
Batting: RHB Carlos Gonzales
|
0-0: Ball 1-0: Foul Ball, location: 2F 1-1: Foul Ball, location: 2F 1-2: Ball 2-2: Foul Ball, location: 2F 2-2: Ball 3-2: Foul Ball, location: 2F 3-2: Strikes out swinging
|
|
Batting: RHB Mario Martinez
|
0-0: Foul Ball, location: 2F 0-1: Ball 1-1: Ball 2-1: Ball 3-1: Foul Ball, location: 2F 3-2: Foul Ball, location: 2F 3-2: SINGLE (Line Drive, 3D, EV 99.4 MPH) Danny Gelinas scores Yuya Hirata to third Alex Rosaly to second
|
|
Pitching: LHP Bin Ya
|
|
|
Batting: RHB Brendan Garoutte
|
0-0: SINGLE (Groundball, 5L, EV 108.8 MPH) Yuya Hirata scores Alex Rosaly to third Mario Martinez to second Runner from 3rd tries for Home, SAFE, throw by LF to home
|
|
Batting: RHB Jayden Bain
|
0-0: Ball 1-0: Foul Ball, location: 2F 1-1: Called Strike 1-2: Foul Ball, location: 2F 1-2: Grounds into double play, 5-4-3 (Groundball, 56, EV 108.1 MPH)
|
| Bottom of the 5th over - 3 runs, 2 hits, 0 errors, 1 left on base; Joplin 5 - Portland 8 |
| TOP OF THE 6TH |
|
Joplin Blasters batting - Pitching for Portland Angels : RHP Victor Padilla
|
|
Batting: RHB Ben Mills
|
0-0: Called Strike 0-1: Ball 1-1: Fly out, F8 (Flyball, 8LD, EV 88.1 MPH)
|
|
Batting: RHB Bobby Leon
|
0-0: Reached on error, E4 (Groundball, 34, EV 81.2 MPH)
|
|
Batting: RHB Carlos Castillo
|
0-0: Ball 1-0: Fly out, F4 (Popup, 4M, EV 60.0 MPH)
|
|
Batting: RHB Mike Bearden
|
0-0: DOUBLE (Line Drive, 9LS, EV 97.5 MPH) Bobby Leon scores
|
|
Batting: SHB Bill Ertl
|
0-0: Called Strike 0-1: SINGLE (Groundball, 6MS, EV 87.5 MPH) (infield hit) Mike Bearden to third
|
|
Batting: LHB Pablo Serrato
|
0-0: Called Strike 0-1: Swinging Strike 0-2: Ball 1-2: Ball 2-2: Strikes out swinging
|
| Top of the 6th over - 1 run, 2 hits, 1 error, 2 left on base; Joplin 6 - Portland 8 |
| BOTTOM OF THE 6TH |
|
Portland Angels batting - Pitching for Joplin Blasters : LHP Bin Ya
|
|
Batting: RHB Dan Myers
|
0-0: Swinging Strike 0-1: Ball 1-1: Fly out, F1 (Line Drive, P, EV 73.1 MPH)
|
|
Batting: LHB Ramon Garduno
|
0-0: Called Strike 0-1: Ball 1-1: SOLO HOME RUN (Flyball, 78XD, EV 97.5 MPH), Distance : 385 ft
|
|
Batting: SHB Danny Gelinas
|
0-0: Called Strike 0-1: Called Strike 0-2: Strikes out swinging
|
|
Batting: SHB Yuya Hirata
|
0-0: Called Strike 0-1: Swinging Strike 0-2: Ball 1-2: Strikes out looking
|
| Bottom of the 6th over - 1 run, 1 hit, 0 errors, 0 left on base; Joplin 6 - Portland 9 |
| TOP OF THE 7TH |
|
Joplin Blasters batting - Pitching for Portland Angels : RHP Victor Padilla
|
|
Batting: RHB Junro Kato
|
0-0: Ball 1-0: Foul Ball, location: 2F 1-1: Fly out, F8 (Flyball, 78D, EV 106.9 MPH)
|
|
Batting: RHB Ian Hornsby
|
0-0: Swinging Strike 0-1: Ball 1-1: Foul Ball, location: 2F 1-2: Fly out, F7 (Flyball, 78M, EV 93.8 MPH)
|
|
Batting: RHB Jason Conner
|
0-0: Foul Ball, location: 2F 0-1: Called Strike 0-2: Strikes out swinging
|
| Top of the 7th over - 0 runs, 0 hits, 0 errors, 0 left on base; Joplin 6 - Portland 9 |
| BOTTOM OF THE 7TH |
|
Portland Angels batting - Pitching for Joplin Blasters : LHP Bin Ya
|
|
Batting: RHB Alex Rosaly
|
0-0: Called Strike 0-1: Ball 1-1: Called Strike 1-2: Strikes out swinging, 2-3 out at first.
|
|
Batting: RHB Carlos Gonzales
|
0-0: Called Strike 0-1: Ball 1-1: Fly out, F8 (Flyball, 8RM, EV 90.0 MPH)
|
|
Batting: RHB Mario Martinez
|
0-0: Ground out 5-3 (Groundball, 5L, EV 84.4 MPH)
|
| Bottom of the 7th over - 0 runs, 0 hits, 0 errors, 0 left on base; Joplin 6 - Portland 9 |
| TOP OF THE 8TH |
|
Joplin Blasters batting - Pitching for Portland Angels : RHP Victor Padilla
|
|
Batting: RHB Ben Mills
|
0-0: Called Strike 0-1: Ball 1-1: Foul Ball, location: 2F 1-2: Ball 2-2: Strikes out swinging
|
|
Batting: RHB Bobby Leon
|
0-0: Called Strike 0-1: Called Strike 0-2: Foul Ball, location: 2F 0-2: Strikes out looking
|
|
Batting: RHB Carlos Castillo
|
0-0: SINGLE (Groundball, 6MD, EV 108.1 MPH)
|
|
Pitching: LHP Tyler MacLean
|
|
|
Batting: RHB Mike Bearden
|
0-0: Called Strike 0-1: Ball 1-1: Called Strike 1-2: Strikes out swinging
|
| Top of the 8th over - 0 runs, 1 hit, 0 errors, 1 left on base; Joplin 6 - Portland 9 |
| BOTTOM OF THE 8TH |
|
Portland Angels batting - Pitching for Joplin Blasters : LHP Bin Ya
|
|
Batting: RHB Brendan Garoutte
|
0-0: Foul Ball, location: 2F 0-1: Fly out, F8 (Flyball, 8RS, EV 81.2 MPH)
|
|
Batting: RHB Jayden Bain
|
0-0: Ball 1-0: Called Strike 1-1: Ball 2-1: Swinging Strike 2-2: Strikes out swinging
|
|
Batting: RHB Dan Myers
|
0-0: Called Strike 0-1: Swinging Strike 0-2: Ball 1-2: Strikes out looking
|
| Bottom of the 8th over - 0 runs, 0 hits, 0 errors, 0 left on base; Joplin 6 - Portland 9 |
| TOP OF THE 9TH |
|
Joplin Blasters batting - Pitching for Portland Angels : LHP Tyler MacLean
|
|
Now at 1B: Arnaud Derosiers
|
|
|
Batting: SHB Bill Ertl
|
0-0: Ball 1-0: Foul Ball, location: 2F 1-1: SOLO HOME RUN (Flyball, 78XD, EV 98.8 MPH), Distance : 380 ft
|
|
Batting: LHB Pablo Serrato
|
0-0: Ball 1-0: Called Strike 1-1: Ball 2-1: Ground out 5-3 (Groundball, 5L, EV 83.8 MPH)
|
|
Batting: RHB Junro Kato
|
0-0: Fly out, F4 (Popup, 4, EV 68.8 MPH)
|
|
Batting: RHB Ian Hornsby
|
0-0: Ball 1-0: Called Strike 1-1: Ball 2-1: Ball 3-1: Called Strike 3-2: Base on Balls
|
|
Batting: RHB Jason Conner
|
0-0: Ball 1-0: Ball 2-0: Ball 3-0: Called Strike 3-1: Base on Balls Ian Hornsby to second
|
|
Batting: RHB Ben Mills
|
0-0: Called Strike 0-1: Ball 1-1: Foul Ball, location: 2F 1-2: Ball 2-2: Strikes out looking
|
| Top of the 9th over - 1 run, 1 hit, 0 errors, 2 left on base; Joplin 7 - Portland 9 |
|